 Dungeon Crawl Stone Soup version 0.28-a0-704-g4d584c6bc1 (webtiles) character file.

Game seed: 3034547350281897976

711 Astera the Cudgeller (level 7, -4/68 HPs)
             Began as a Troll Fighter on Oct 24, 2021.
             Was a Priest of Makhleb.
             Slain by a water moccasin (7 damage)
             ... on level 5 of the Dungeon.
             The game lasted 00:14:20 (3460 turns).

Astera the Cudgeller (Troll Fighter)                Turns: 3460, Time: 00:14:21

Health: -4/68      AC:  4    Str: 25    XL:     7   Next: 40%
Magic:  6/6        EV:  9    Int:  4    God:    Makhleb [***...]
Gold:   202        SH:  8    Dex: 11    Spells: 6/6 levels left

rFire   . . .      SeeInvis .   a - +0 flail
rCold   + . .      Faith    .   c - +0 kite shield
rNeg    . . .      Spirit   .   b - +0 robe
rPois   .          Reflect  .   (helmet restricted)
rElec   .          Harm     .   (no cloak)
rCorr   .          Rampage  .   (gloves unavailable)
Will    +....                   (boots unavailable)
Stlth   +.........              (no amulet)
HPRegen 1.21/turn               q - ring of protection from cold
MPRegen 0.10/turn               s - ring of willpower

@: mighty
A: large, unfitting armour, claws 3, regeneration 1, shaggy fur 1, tough skin 1
a: Renounce Religion, Minor Destruction, Lesser Servant of Makhleb


You were on level 5 of the Dungeon.
You worshipped Makhleb.
Makhleb was most pleased with you.
You visited 1 branch of the dungeon, and saw 7 of its levels.

You collected 202 gold pieces.

Inventory:

Hand Weapons
 a - a +0 flail (weapon)
Armour
 b - a +0 robe (worn)
 c - a +0 kite shield (worn)
Jewellery
 q - a ring of protection from cold (left claw)
 s - a ring of willpower (right claw)
 v - a +4 ring of protection
Scrolls
 e - a scroll of immolation {unknown}
 h - a scroll of vulnerability {unknown}
 l - a scroll of magic mapping {unknown}
 n - 2 scrolls of enchant weapon {unknown}
 o - 4 scrolls of identify {unknown}
 p - a scroll of amnesia {unknown}
Potions
 f - a potion of attraction {unknown}
 g - a potion of flight {unknown}
 i - a potion of resistance {unknown}
 j - a potion of brilliance {unknown}
 k - 2 potions of haste {unknown}
 m - 2 potions of magic {unknown}
 r - 3 potions of curing {unknown}
 t - a potion of heal wounds {unknown}
 u - a potion of degeneration {unknown}


   Skills:
 + Level 3.7 Fighting
 + Level 4.9 Maces & Flails
 + Level 3.8 Dodging
 + Level 0.3 Stealth
 + Level 3.9 Shields


You had 6 spell levels left.
You didn't know any spells.
Your spell library contained the following spells:

 Spells                   Type           Power      Damage    Failure   Level
 Corpse Rot               Necr/Air       0%         N/A       95%         2
 Ozocubu's Armour         Ice            0%         N/A       99%         3
 Dispel Undead            Necr           0%         3d6       100%        4
 Death Channel            Necr           0%         N/A       100%        6
 Ozocubu's Refrigeration  Ice            0%         4d5       100%        7


Dungeon Overview and Level Annotations

Branches:
Dungeon (7/15)
 Temple: D:4-7

Altars:
Makhleb
Nemelex Xobeh
Qazlal

Annotations:
D:7 1 runed translucent door, Crazy Yiuf


Innate Abilities, Weirdness & Mutations

You are too large for most types of armour.
You have claws for hands.
Your natural rate of healing is unusually fast.
You are covered in fur. (AC +1)
You have tough skin. (AC +1)


Message History

* * * LOW HITPOINT WARNING * * *
You barely miss the water moccasin.
The water moccasin is moderately wounded.
You feel sick. The water moccasin barely misses you.
You feel very mighty all of a sudden.
You feel sick. You block the water moccasin's attack.
The water moccasin bites you but does no damage.
You barely miss the water moccasin.
The water moccasin is moderately wounded.
You feel sick.
The water moccasin bites you but does no damage.
The water moccasin closely misses you.
You barely miss the water moccasin.
The water moccasin is moderately wounded.
You feel sick.
The water moccasin bites you but does no damage.
You hit the water moccasin.
The water moccasin is moderately wounded.
You feel sick.
You are no longer poisoned.
You block the water moccasin's attack. The water moccasin bites you.
* * * LOW HITPOINT WARNING * * *
You thump the water moccasin!
The water moccasin is severely wounded.
You block the water moccasin's attack. The water moccasin closely misses you.
You barely miss the water moccasin.
The water moccasin is severely wounded.
The water moccasin bites you but does no damage.
The water moccasin closely misses you.
You closely miss the water moccasin.
The water moccasin is severely wounded.
The water moccasin bites you.
* * * LOW HITPOINT WARNING * * *
The water moccasin barely misses you.
You barely miss the water moccasin.
The water moccasin is severely wounded.
The water moccasin bites you.
* * * LOW HITPOINT WARNING * * *
The water moccasin bites you!
You die...

#............##....
#...............#.#
#[..............#.#
#........<......#.#
#...............#.#
#.............[.#.#
#...............#.#
#...............#S#
#...............@.#
#...............###
#############...#
#...# #####


You could see a water moccasin.

Vanquished Creatures
  2 necrophages
  An orc warrior (D:3)
  A phantom (D:5)
  An orc priest (D:3)
  A bullfrog skeleton (D:4)
  2 orc wizards
  A hound skeleton (D:4)
  8 gnolls
  8 adders
  A worm (D:4)
  7 orcs
  6 ball pythons
  3 bats (D:3)
  9 endoplasms
  6 giant cockroaches
  7 goblins
  8 hobgoblins
  12 jackals
  3 quokkas
  2 frilled lizards
  4 kobolds
  4 rats
97 creatures vanquished.

Vanquished Creatures (others)
  A fungus (D:1)
1 creature vanquished.

Grand Total: 98 creatures vanquished

Notes
Turn   | Place    | Note
-------+----------+-------------------------------------------
     0 | D:1      | Astera the Troll Fighter began the quest for the Orb.
     0 | D:1      | Reached XP level 1. HP: 22/22 MP: 0/0
   162 | D:1      | Reached XP level 2. HP: 29/29 MP: 1/1
   201 | D:1      | Reached skill level 2 in Maces & Flails
   530 | D:1      | Found a faded altar of an unknown god.
   533 | D:1      | Prayed at the altar of an unknown god.
   533 | D:1      | Became a worshipper of Makhleb the Destroyer
   533 | D:1      | Reached * piety under Makhleb
   621 | D:2      | Reached XP level 3. HP: 36/36 MP: 2/2
  1005 | D:2      | Reached XP level 4. HP: 41/45 MP: 3/3
  1467 | D:3      | Found a stormy altar of Qazlal.
  1471 | D:3      | Reached ** piety under Makhleb
  1488 | D:3      | Noticed a necrophage
  1500 | D:3      | Killed a necrophage
  1501 | D:3      | Reached skill level 3 in Maces & Flails
  1501 | D:3      | Reached XP level 5. HP: 48/53 MP: 4/4
  1602 | D:3      | Found a sparkling altar of Nemelex Xobeh.
  1977 | D:3      | Reached XP level 6. HP: 61/61 MP: 5/5
  2265 | D:4      | Identified the +3 leather armour of Mental Paralysis {rPois
                  | Will+ Slay+3}
  2306 | D:4      | Noticed an orc warrior
  2461 | D:3      | Killed an orc warrior
  2462 | D:3      | Reached skill level 4 in Maces & Flails
  3052 | D:4      | You fall into a shaft and drop 3 floors!
  3081 | D:7      | Found a runed translucent door.
  3082 | D:7      | Noticed Crazy Yiuf
  3112 | D:7      | Reached XP level 7. HP: 52/67 MP: 6/6
  3168 | D:7      | Reached *** piety under Makhleb
  3289 | D:5      | Entered Level 5 of the Dungeon
  3460 | D:5      | HP: 3/68 [water moccasin (5)]
  3460 | D:5      | Slain by a water moccasin

Illustrated notes

Levels and vault maps discovered:
D:1:      nagdon_arrival_double_spiral, layout_rooms,
          shapermc_ecumenical_altar_mp_urbaneastern
D:2:      layout_loops_ring, kennysheep_generic_room_15
D:3:      layout_loops_ring, mainiacjoe_overflow_concentric_impassable,
          nemelex_dance_club_becter
D:4:      layout_basic, grunt_ministairs_13
D:5:      layout_basic, mainiacjoe_overflow_alcove_2, fedhas_altar_1
D:6:      layout_cave_pools, led_xom_imps, minmay_temple_entry_stoned_glass,
          st_stairs_8, amcnicky_mini_pool_small
D:7:      layout_rooms, yredelemnul_altar_generic, uniq_crazy_yiuf_cottage,
          uniq_joseph, uniq_menkaure, uniq_pikel

Skill      XL: |  1  2  3  4  5  6 |
---------------+-------------------+-----
Maces & Flails | 2 3 4 |  4.9
Fighting       | 3 |  3.7
Dodging        | 3 |  3.8
Shields        | 3 |  3.9
Stealth        | |  0.3

Action                   |  1- 3 |  4- 6 |  7- 9 || total
-------------------------+-------+-------+-------++-------
Melee: Flail             |   133 |   240 |    67 ||   440
  Use: Potion            |       |       |     1 ||     1
 Stab: Sleeping          |       |     1 |       ||     1
Armor: Robe              |    55 |    69 |    14 ||   138
Dodge: Dodged            |    76 |    96 |    23 ||   195
Block: Kite shield       |    68 |   127 |    24 ||   219

Table legend: (Time is in decaauts)
 A = Elapsed time spent in this place.
 B = Non-inter-level travel time spent in this place.
 C = Inter-level travel time spent in this place.
 D = Time resting spent in this place.
 E = Time spent auto-exploring this place.
 F = Levels seen in this place.
 G = Mean time per level.
                   A        B        C        D        E       F      G
               +--------+--------+--------+--------+--------+-----+--------+
         Total |   3652 |   3484 |    168 |     80 |   1654 |   7 |  521.7 |
       Dungeon |   3652 |   3484 |    168 |     80 |   1654 |   7 |  521.7 |
               +--------+--------+--------+--------+--------+-----+--------+

Top non-repeatable levels by time:
     D:3: 948 daAuts
     D:4: 898 daAuts
     D:2: 862 daAuts
     D:1: 602 daAuts
     D:7: 246 daAuts
     D:5: 87 daAuts
     D:6: 6 daAuts
